 Dungeon Crawl Stone Soup version 0.23.2-1-ga50397a6bc (webtiles) character file.

Game seed: 10495314020847276291

119 PentaManta the Ducker (level 5, -7/61 HPs)
             Began as a Merfolk Monk on June 2, 2019.
             Killed by divine providence
             ... invoked by an orc priest
              (9 damage)
             ... on level 3 of the Dungeon.
             The game lasted 00:04:42 (2337 turns).

PentaManta the Ducker (Merfolk Monk)                Turns: 2337, Time: 00:04:42

Health: -7/61      AC:  4    Str: 15 (16) XL:     5   Next: 3%
Magic:  5/5        EV: 15    Int: 11 (14) God:
Gold:   52         SH:  0    Dex: 17 (18) Spells: 4/4 levels left

rFire    . . .     SeeInvis .   a - +0 falchion
rCold    . . .     Gourm    .   (no shield)
rNeg     . . .     Faith    .   m - +0 leather armour
rPois    .         Spirit   .   (no helmet)
rElec    .         Reflect  .   (no cloak)
rCorr    .         Harm     .   l - +0 pair of gloves
MR       .....                  (no boots)
Stlth    ..........             (no amulet)
HPRegen  0.20/turn              (no ring)
MPRegen  0.09/turn              (no ring)

@: brilliant, berserking, very quick
A: change form in water, swift swim, stealthy swim
a: no special abilities


You were on level 3 of the Dungeon.
You were very hungry.

You visited 1 branch of the dungeon, and saw 3 of its levels.

You collected 52 gold pieces.

Inventory:

Hand Weapons
 a - a +0 falchion (weapon)
 t - a +0 short sword
Missiles
 j - 95 stones (quivered)
Armour
 l - a +0 pair of gloves (worn)
 m - a +0 leather armour (worn)
 u - a +0 ring mail
Jewellery
 f - an uncursed ring of resist corrosion {unknown}
 r - an uncursed amulet of the acrobat {unknown}
Scrolls
 d - 2 scrolls of fear {unknown}
 h - 3 scrolls of identify {unknown}
 k - 2 scrolls of remove curse {unknown}
 n - a scroll of noise {unknown}
 p - a scroll of magic mapping {unknown}
 s - a scroll of fog {unknown}
Potions
 e - a potion of degeneration
 g - a potion of brilliance
 o - a potion of invisibility {unknown}
 q - 2 potions of flight {unknown}
 v - a potion of experience {unknown}
Comestibles
 c - 4 rations


   Skills:
 - Level 3.2 Fighting
 + Level 4.8 Long Blades
 + Level 5.9 Dodging
 - Level 2.1 Stealth


You had 4 spell levels left.
You didn't know any spells.
Your spell library was empty.

Dungeon Overview and Level Annotations

Branches:
Dungeon (3/15)

Altars:
Ashenzari
Elyvilon
Gozag
Hepliaklqana
Sif Muna
Uskayaw
Yredelemnul


Message History

The orc priest hits you but does no damage.
It was a potion of brilliance.
You feel clever all of a sudden.
* * * LOW HITPOINT WARNING * * *
You feel sick.
You are no longer poisoned.
The orc priest barely misses you.
You riposte.
You hit the orc priest but do no damage.
The orc priest is lightly wounded.
It was a potion of berserk rage.
A red film seems to cover your vision as you go berserk!
You feel yourself moving faster!
You feel mighty!
The orc priest hits you but does no damage.
You slash the orc priest!
The orc priest is severely wounded.
Your leather armour prevents you from hitting the orc priest.
The orc priest is severely wounded.
The orc priest calls down the wrath of Beogh upon you.
Beogh smites you!
You die...

####### # ##### ....... .
.... ....... #
#########.#####.......
####...<........@oo......
.....#.#####.########.)..
###................. .
###.)##...##.#######
.....##...##.#
..##.##...##.#
#.##.##...##.#
.)....#...##.#
#†##......##.#


You could see an orc priest and an orc.

Vanquished Creatures
  3 adders
  A worm (D:2)
  4 dart slugs
  A leopard gecko (D:3)
  12 orcs (D:3)
  3 giant cockroaches
  4 goblins
  7 hobgoblins
  4 jackals (D:3)
  3 ball pythons
  7 bats
  9 frilled lizards
  8 kobolds
  2 rats
68 creatures vanquished.

Notes
Turn   | Place    | Note
-------+----------+-------------------------------------------
     0 | D:1      | PentaManta the Merfolk Monk began the quest for the Orb.
     0 | D:1      | Reached XP level 1. HP: 18/18 MP: 1/1
    92 | D:1      | Reached XP level 2. HP: 23/24 MP: 2/2
   798 | D:2      | Reached XP level 3. HP: 29/29 MP: 3/3
   934 | D:2      | Reached skill level 5 in Dodging
  1153 | D:2      | Found a hazy altar of Hepliaklqana.
  1211 | D:2      | Found a basalt altar of Yredelemnul.
  1531 | D:2      | Found a shattered altar of Ashenzari.
  1663 | D:2      | Reached XP level 4. HP: 19/35 MP: 4/4
  2067 | D:3      | Found a hide-covered altar of Uskayaw.
  2070 | D:3      | Found an opulent altar of Gozag.
  2073 | D:3      | Found a white marble altar of Elyvilon.
  2086 | D:3      | Found a deep blue altar of Sif Muna.
  2325 | D:3      | Reached XP level 5. HP: 31/41 MP: 5/5
  2331 | D:3      | HP: 2/41 [orc priest/divine providence (9)]
  2337 | D:3      | Killed from afar by an orc priest

Skill      XL: |  1  2  3 |
---------------+----------+-----
Long Blades    | 4 |  4.8
Dodging        | 5 |  5.9
Fighting       | |  3.2
Stealth        | |  2.1

Action                   |  1- 3 |  4- 6 || total
-------------------------+-------+-------++-------
Melee: Falchion          |   145 |    86 ||   231
  Use: Potion            |       |     3 ||     3
 Stab: Sleeping          |     9 |     1 ||    10
  Eat: Chunk             |     2 |     2 ||     4
Armor: Robe              |    36 |     1 ||    37
       Leather armour    |       |    26 ||    26
Dodge: Dodged            |    99 |    78 ||   177
       Rpst.: Falchion   |    33 |    28 ||    61
